 Dungeon Crawl Stone Soup version 0.27-a0-1299-g1ab19c6527 (webtiles) character file.

Game seed: 9700900702784950605

327 OTErs the Magician (level 6, -2/41 HPs)
             Began as a Mummy Conjurer on June 16, 2021.
             Was a Follower of Nemelex Xobeh.
             Slain by a scorpion (9 damage)
             ... on level 6 of the Dungeon.
             The game lasted 00:14:19 (2755 turns).

OTErs the Magician (Mummy Conjurer)                 Turns: 2755, Time: 00:14:19

Health: -2/41      AC:  2    Str: 11    XL:     6   Next: 24%
Magic:  16/22      EV: 12    Int: 18    God:    Nemelex Xobeh [*.....]
Gold:   163        SH:  0    Dex: 11    Spells: 12/15 levels left

rFire    x . .     SeeInvis .   i - +2 demon whip (venom)
rCold    + . .     Faith    .   (no shield)
rNeg     + + +     Spirit   .   a - +0 robe
rPois    ∞         Reflect  .   (no helmet)
rElec    .         Harm     .   (no cloak)
rCorr    .         Rampage  .   (no gloves)
Will     .....                  (no boots)
Stlth    ++........             b - amulet of regeneration
HPRegen  1.13/turn              d - ring of magical power
MPRegen  0.18/turn              (no ring)

@: no status effects
A: cold resistance 1, negative energy resistance 3, torment resistance 2, heat
vulnerability 1, no potions
a: Renounce Religion, Draw Escape, Draw Destruction, Draw Summoning


You were on level 6 of the Dungeon.
You worshipped Nemelex Xobeh.
Nemelex Xobeh was aware of your devotion.
You visited 1 branch of the dungeon, and saw 5 of its levels.

You collected 163 gold pieces.

Inventory:

Hand Weapons
 g - a +2 dagger of venom
 i - a +2 demon whip of venom (weapon)
Armour
 a - a +0 robe (worn)
Jewellery
 b - an amulet of regeneration (around neck)
 d - a ring of magical power (left hand)
 e - a +6 ring of dexterity
Wands
 c - a wand of flame (15)
Scrolls
 f - 2 scrolls of identify
 h - a scroll of amnesia
 j - a scroll of enchant weapon {unknown}
 k - a scroll of magic mapping {unknown}


   Skills:
 + Level 0.3 Fighting
 + Level 0.3 Maces & Flails
 + Level 1.9 Dodging
 + Level 2.1 Stealth
 + Level 1.2 Unarmed Combat
 + Level 5.0 Spellcasting
 + Level 4.8 Conjurations


You had 12 spell levels left.
You knew the following spells:

 Your Spells              Type           Power      Damage    Failure   Level
a - Magic Dart            Conj           88%        1d7       1%          1
b - Searing Ray           Conj           44%        3d4       2%          2

Your spell library contained the following spells:

 Spells                   Type           Power      Damage    Failure   Level
 Summon Small Mammal      Summ           16%        N/A       13%         1
 Dazzling Flash           Conj/Hex       26%        N/A       14%         3
 Call Imp                 Summ           4%         N/A       21%         2
 Call Canine Familiar     Summ           4%         N/A       36%         3
 Summon Guardian Golem    Hex/Summ       4%         N/A       36%         3
 Fulminant Prism          Conj/Hex       6%         3d7       43%         4
 Iskenderun's Mystic Bla  Conj/Tloc      13%        2d5       43%         4
 Summon Ice Beast         Ice/Summ       4%         N/A       78%         4
 Summon Lightning Spire   Summ/Air       4%         N/A       78%         4


Dungeon Overview and Level Annotations

Branches:
Dungeon (6/15)
 Temple: D:4-7

Altars:
Hepliaklqana
Nemelex Xobeh

Annotations:
D:5 exclusion: scorpion
D:6 exclusion: ogre


Innate Abilities, Weirdness & Mutations

You are immune to poison.
Your flesh is cold resistant. (rC+)
You are immune to negative energy. (rN+++)
You are immune to unholy pain and torment.
You are vulnerable to heat. (rF-)
You do not drink.


Message History

You can't drink.
As you read the scroll labelled JUZ WEGOINYTAE, it crumbles to dust.
It is a scroll of identify.
h - a scroll of amnesia The scorpion stings you.
The ice beast hits you. The ice beast freezes you. You resist.
The scorpion stings you.
Casting: Magic Dart (safe; 1% risk of failure)
Confirm with . or Enter, or press ? or * to list all spells.
Aiming: Searing Ray (safe; 2% risk of failure)
Press: ? - help, Shift-Dir - straight line, f - ice beast
Aim: an ice beast (78% to hit)
The searing ray hits the ice beast.
The ice beast is lightly wounded. (Press . to maintain the ray.)
The ice beast hits you. The ice beast freezes you. You resist.
The scorpion closely misses you.
The searing ray hits the ice beast.
The ice beast is moderately wounded.
The ice beast misses you. The scorpion closely misses you.
The searing ray hits the ice beast.
The ice beast is moderately wounded.
The scorpion misses you. The ice beast barely misses you.
The searing ray hits the ice beast!
The ice beast is severely wounded.
You finish channeling your searing ray.
The scorpion stings you. The ice beast hits you. The ice beast freezes you.
You resist.
The scorpion stings you but does no damage.
The ice beast closely misses you. The scorpion stings you.
Casting: Searing Ray (safe; 2% risk of failure)
Confirm with . or Enter, or press ? or * to list all spells.
Aiming: Searing Ray (safe; 2% risk of failure)
Press: ? - help, Shift-Dir - straight line, f/p - ice beast
Aim: an ice beast (severely wounded, 78% to hit)
The searing ray misses the ice beast. (Press . to maintain the ray.)
The ice beast hits you. The ice beast freezes you. You resist.
* * * LOW HITPOINT WARNING * * *
The scorpion stings you!
You die...
Your body disappears without a glow.

############...
#............##
#.######..####
######.#####.#.##
#...........###.#
...####.#####.#O##
#...[........
#s##.######..#
#@##.#### #^..#
#######Y#......
....#
#..........##
##...#
...#####.##.#
#..##
.#.#####.##...
.........######
.#.####..#
..J.###..##
..........#


You could see an ice beast and a scorpion.

Vanquished Creatures
  A bullfrog (D:5)
  2 orc priests (D:3)
  Jessica (D:3)
  A killer bee zombie (D:5)
  4 adders
  5 gnolls
  A white imp (D:5)
  An adder zombie (D:5)
  A worm (D:3)
  3 dart slugs
  6 orcs
  4 endoplasms
  A giant cockroach (D:3)
  4 goblins
  2 hobgoblins (D:1)
  3 jackals (D:3)
  3 kobolds
  3 quokkas
  5 ball pythons
  A bat (D:1)
  8 frilled lizards
  5 rats
65 creatures vanquished.

Vanquished Creatures (others)
  4 fungi (D:6)
4 creatures vanquished.

Grand Total: 69 creatures vanquished

Notes
Turn   | Place    | Note
-------+----------+-------------------------------------------
     0 | D:1      | OTErs the Mummy Conjurer began the quest for the Orb.
     0 | D:1      | Reached XP level 1. HP: 13/13 MP: 4/4
   445 | D:1      | Reached XP level 2. HP: 19/19 MP: 3/5
   552 | D:1      | Reached skill level 3 in Spellcasting
   948 | D:1      | Found a faded altar of an unknown god.
   953 | D:1      | Became a worshipper of Nemelex Xobeh the Trickster
   953 | D:1      | Reached * piety under Nemelex Xobeh
   953 | D:1      | Received a gift from Nemelex Xobeh
  1011 | D:1      | Reached XP level 3. HP: 24/24 MP: 2/7
  1233 | D:2      | Learned a level 2 spell: Searing Ray
  1448 | D:2      | Found a hazy altar of Hepliaklqana.
  1666 | D:2      | Received a gift from Nemelex Xobeh
  1775 | D:3      | Noticed Jessica
  1777 | D:3      | Killed Jessica
  1778 | D:3      | Reached XP level 4. HP: 30/30 MP: 9/9
  2158 | D:3      | Reached XP level 5. HP: 35/35 MP: 10/10
  2170 | D:3      | Reached skill level 4 in Spellcasting
  2181 | D:3      | Reached skill level 1 in Unarmed Combat
  2505 | D:3      | You fall into a shaft and drop 3 floors!
  2526 | D:6      | Noticed an ogre
  2543 | D:5      | Entered Level 5 of the Dungeon
  2549 | D:5      | Reached XP level 6. HP: 41/41 MP: 13/13
  2603 | D:5      | Reached skill level 5 in Spellcasting
  2694 | D:5      | Noticed an ice beast
  2755 | D:6      | Slain by a scorpion

Illustrated notes

Levels and vault maps discovered:
D:1:      amcnicky_arrival_choice, layout_rooms, shapermc_ecumenical_altar_venn
D:2:      layout_rooms, basic_altar
D:3:      layout_basic, amcnicky_mini_rare_corridor_liquid, uniq_jessica
D:5:      layout_cave_pools, gammafunk_ghost_hive, serial_glass,
          glass_columns_a, glass_columns_b, glass_columns_c, glass_columns_b,
          glass_columns_a, glass_columns_a, glass_columns_a, glass_columns_a,
          minmay_misc_feat_hallway, uniq_crazy_yiuf_cottage
D:6:      layout_loops_ring, kennysheep_mini_moat, serial_aquarium,
          aquarium_bridge_square [aquarium_subvault_bridge,
          aquarium_subvault_bridge, aquarium_subvault_bridge,
          aquarium_subvault_window], aquarium_window_fake, aquarium_window_1,
          aquarium_window_1, aquarium_window_corridor_1, aquarium_view_2e,
          serial_bayou_pond_b, uniq_menkaure

Skill      XL: |  1  2  3  4  5  6 |
---------------+-------------------+-----
Spellcasting   | 3 4 5 |  5.0
Conjurations   | 4 |  4.8
Stealth        | 2 |  2.1
Unarmed Combat | 1 |  1.2
Fighting       | |  0.3
Maces & Flails | |  0.3
Dodging        | |  1.9

Action                   |  1- 3 |  4- 6 || total
-------------------------+-------+-------++-------
Melee: Unarmed           |    29 |       ||    29
       Demon whip        |       |     6 ||     6
 Cast: Magic Dart        |    65 |    79 ||   144
       Searing Ray       |     1 |     7 ||     8
  Use: Scroll            |     1 |     1 ||     2
Armor: Robe              |     3 |     3 ||     6
Dodge: Dodged            |    21 |    15 ||    36

Table legend: (Time is in decaauts)
 A = Elapsed time spent in this place.
 B = Non-inter-level travel time spent in this place.
 C = Inter-level travel time spent in this place.
 D = Time resting spent in this place.
 E = Time spent auto-exploring this place.
 F = Levels seen in this place.
 G = Mean time per level.
                   A        B        C        D        E       F      G
               +--------+--------+--------+--------+--------+-----+--------+
         Total |   2754 |   2708 |     46 |     44 |   2273 |   5 |  550.8 |
       Dungeon |   2754 |   2708 |     46 |     44 |   2273 |   5 |  550.8 |
               +--------+--------+--------+--------+--------+-----+--------+

Top non-repeatable levels by time:
     D:1: 1209 daAuts
     D:3: 787 daAuts
     D:2: 506 daAuts
     D:5: 159 daAuts
     D:6: 91 daAuts
